Stars vs Jets

Created - February-04-13 at 19:12

Goals
1 2 3 T
Stars 0 0 0 0
Jets 2 1 1 4
Shots
1 2 3 T
Stars 9 4 4 17
Jets 6 8 9 23

1st period

1. Jets , Lee Stempniak 6 (Dave Bolland, Kevin Klein) at 3:41
2. Jets , Matt Cooke 8 (Jason Garrison, Dave Bolland) at 17:26

Penalties :
John-Michael Liles (DAL) for Hooking (Minor) at 1:02, Kevin Klein (WPG) for Roughing (Minor) at 17:53

2nd period

3. Jets , James Wisniewski 5 (Mark Giordano, Henrik Sedin) at 18:01 (PP)

Penalties :
Mike Komisarek (DAL) for Slashing (Minor) at 15:42, Mike Komisarek (DAL) for Goalie Interference (Minor) at 17:46, Mark Giordano (WPG) for Hooking (Minor) at 19:11

3rd period

4. Jets , Mark Giordano 13 (Matt Cooke, Jason Garrison) at 12:41 (SH)

Penalties :
John-Michael Liles (DAL) for Roughing (Minor) at 2:24, Brooks Orpik (WPG) for Tripping (Minor) at 5:26, Matt Cooke (WPG) for Elbowing (Minor) at 9:33, Henrik Sedin (WPG) for Tripping (Minor) at 11:28

Goalie Stats

Mathieu Garon (DAL), 19 saves from 23 shots - (0.826), L, 12-17-3, 60:00 minutes
Ilya Bryzgalov (WPG), 17 saves from 17 shots - (1.000), W, 34-12-7, 60:00 minutes

Players Stats for Stars

Player Name              G  A  P  +/- PIM S  H  SB GA TA FO     MP     PP MP  PK MP  
------------------------------------------------------------------------------------
Alex Goligoski           0  0  0   0  0   1  1  1  0  0  0/0    21:53   5:54   2:55 
Brandon Dubinsky         0  0  0  -1  0   1  4  0  0  0  8/21   22:57   4:31   3:40 
Cal Clutterbuck          0  0  0  -1  0   4  0  0  0  0  1/1    17:31   1:48   3:10 
Cam Atkinson             0  0  0  -1  0   1  0  0  0  0  0/0     8:08   4:43   0:00 
David Jones              0  0  0  -1  0   2  1  0  0  0  1/1    20:40   4:02   0:00 
Derick Brassard          0  0  0  -1  0   2  4  1  0  0  10/25  20:40   4:02   0:00 
Jakub Kindl              0  0  0  -1  0   0  0  0  0  0  0/0     7:55   1:26   0:41 
Jay Bouwmeester          0  0  0  -2  0   1  1  1  0  0  0/0    21:32   3:57   3:39 
John-Michael Liles       0  0  0   0  4   1  6  1  0  0  0/0    18:56   5:54   0:00 
Keith Ballard            0  0  0  -1  0   0  1  0  0  0  0/0     5:48   0:00   0:00 
Matt Martin              0  0  0  -1  0   2  0  0  0  0  0/0    13:36   0:00   1:03 
Mike Komisarek           0  0  0   0  4   1  1  0  0  0  0/0    12:59   0:00   1:52 
Nicklas Grossmann        0  0  0  -1  0   0  3  0  0  0  0/0    17:13   0:00   3:17 
Peter Mueller            0  0  0  -1  0   0  0  0  0  0  0/0    18:17   4:31   0:33 
Raphael Diaz             0  0  0  -1  0   0  0  1  0  0  0/0    13:40   2:31   0:00 
Rene Bourque             0  0  0  -1  0   1  0  1  0  0  0/1    21:23   4:38   1:59 
Ryan Carter              0  0  0  -1  0   0  0  0  0  0  6/11   13:51   1:18   0:00 
Ville Leino              0  0  0   0  0   0  0  0  0  0  1/2    16:45   0:00   1:59 

Players Stats for Jets

Player Name              G  A  P  +/- PIM S  H  SB GA TA FO     MP     PP MP  PK MP  
------------------------------------------------------------------------------------
Brooks Orpik             0  0  0   1  2   0  2  1  0  0  0/0    19:47   2:20   3:53 
Carlo Colaiacovo         0  0  0   0  0   0  0  1  0  0  0/0     6:42   0:00   0:00 
Dave Bolland             0  2  2   2  0   0  0  0  0  0  11/18  15:45   0:00   6:27 
David Booth              0  0  0   0  0   2  4  0  0  0  0/1    17:56   2:20   1:00 
Erik Cole                0  0  0   0  0   3  1  0  0  0  1/1    18:55   3:52   0:00 
Henrik Sedin             0  1  1   0  2   2  0  0  0  0  12/17  21:07   3:52   2:12 
James Wisniewski         1  0  1   0  0   2  0  4  0  0  0/0    17:27   3:52   0:14 
Jamie Benn               0  0  0   0  0   2  3  0  0  0  5/16   16:59   2:20   0:03 
Jason Garrison           0  2  2   2  0   0  0  2  0  0  0/0    20:47   2:20   4:52 
Kevin Klein              0  1  1   1  2   0  1  2  0  0  0/0    12:28   0:00   2:10 
Lee Stempniak            1  0  1   2  0   1  0  0  0  0  0/0    14:18   0:00   0:00 
Mark Fistric             0  0  0   0  0   0  0  0  0  0  0/0     6:42   0:00   0:00 
Mark Giordano            1  1  2   1  2   2  2  1  0  0  0/0    20:46   3:52   3:34 
Martin Erat              0  0  0   1  0   2  0  0  0  0  2/3    18:50   2:20   1:54 
Matt Cooke               1  1  2   3  2   4  0  0  0  0  0/1    19:34   0:00   5:17 
Matt Cullen              0  0  0   0  0   0  0  0  0  0  3/4     7:44   0:00   2:44 
Matt Moulson             0  0  0   0  0   3  0  0  0  0  1/1    18:55   3:52   0:00 
Ron Hainsey              0  0  0   1  0   0  0  1  0  0  0/0    15:18   0:00   4:59 

3 Stars

1 - Ilya Bryzgalov (WPG)
2 - Matt Cooke (WPG)
3 - Mark Giordano (WPG)

Power Play

Stars - 0 on 5 Attempt(s) - 0.00%
Jets - 1 on 4 Attempt(s) - 25.00%

Penalty Kill

Stars - 3 on 4 Attempt(s) - 75.00% - Score 0 goal in Penalty Kill
Jets - 5 on 5 Attempt(s) - 100.00% - Score 1 goal in Penalty Kill

Official

Referees : Mike Hasenfratz and Wes McCauley
Linesman : Pierre Racicot and Michel Cormier

Game Notes

No Game Note

Finance

Level 1 -- Attendance: 6000 (100.00%) -- Ticket Income $690,000
Level 2 -- Attendance: 4740 (94.80%) -- Ticket Income $426,600
Level 3 -- Attendance: 2031 (92.32%) -- Ticket Income $162,480
Level 4 -- Attendance: 1015 (100.00%) -- Ticket Income $71,050
Luxury Box -- Attendance: 640 (80.00%) -- Ticket Income $192,000
Game was played at the MTS Center
Total Attendance: 14426 (96.08%)
Total Ticket Income: $1,542,130
Other Income: $231,320
Total Income: $1,773,450


% Time on Ice - Stars

Lines # - Real PCT - Wanted PCT - Time Play
Normal Forward
1 - 34% - 37% - 14:46
2 - 30% - 31% - 13:13
3 - 29% - 21% - 12:33
4 - 8% - 11% - 3:25
Normal Defense
1 - 32% - 40% - 13:56
2 - 30% - 37% - 13:04
3 - 25% - 18% - 11:09
4 - 13% - 5% - 5:48
PP Forward
1 - 53% - 70% - 5:13
2 - 47% - 30% - 4:38
PP Defense
1 - 60% - 65% - 5:54
2 - 40% - 35% - 3:57
PK Forward
1 - 68% - 60% - 4:13
2 - 32% - 40% - 1:59
PK Defense
1 - 53% - 70% - 3:17
2 - 47% - 30% - 2:55
PK3 Forward
1 - 0% - 60%
2 - 0% - 40%
PK3 Defense
1 - 0% - 70%
2 - 0% - 30%
44 Forward
1 - 0% - 60%
2 - 0% - 40%
44 Defense
1 - 0% - 60%
2 - 0% - 40%
Last Minute Offensive  - 0:00
Last Minute Defensive  - 0:00
Total
Forward - 60:00
Defense - 60:00

% Time on Ice - Jets

Lines # - Real PCT - Wanted PCT - Time Play
Normal Forward
1 - 34% - 35% - 15:03
2 - 33% - 35% - 14:36
3 - 21% - 23% - 9:18
4 - 11% - 7% - 5:00
Normal Defense
1 - 30% - 35% - 13:21
2 - 31% - 35% - 13:35
3 - 23% - 23% - 10:19
4 - 15% - 7% - 6:42
PP Forward
1 - 62% - 60% - 3:52
2 - 38% - 40% - 2:20
PP Defense
1 - 62% - 63% - 3:52
2 - 38% - 37% - 2:20
PK Forward
1 - 73% - 60% - 7:08
2 - 27% - 40% - 2:39
PK Defense
1 - 51% - 60% - 4:59
2 - 49% - 40% - 4:48
PK3 Forward
1 - 100% - 60% - 0:04
2 - 0% - 40% - 0:00
PK3 Defense
1 - 0% - 60% - 0:00
2 - 100% - 40% - 0:04
44 Forward
1 - 0% - 60%
2 - 0% - 40%
44 Defense
1 - 0% - 60%
2 - 0% - 40%
Last Minute Offensive  - 0:00
Last Minute Defensive  - 0:00
Total
Forward - 60:00
Defense - 60:00

Play by Play

1st period


0:01 of 1st period - Henrik Sedin wins face-off versus Brandon Dubinsky in neutral zone.
0:28 of 1st period - Shot by Ville Leino.
0:28 of 1st period - Shot Blocked by James Wisniewski.
0:30 of 1st period - Shot by Jay Bouwmeester.
0:30 of 1st period - Stopped by Ilya Bryzgalov with a rebound.
0:32 of 1st period - Shot by Rene Bourque.
0:32 of 1st period - Shot Blocked by James Wisniewski.
0:50 of 1st period - Off-side.
0:51 of 1st period - Jamie Benn wins face-off versus Derick Brassard in neutral zone.
0:51 of 1st period - Jamie Benn is hit by Derick Brassard.
1:02 of 1st period - Minor Penalty to John-Michael Liles for Hooking.
1:03 of 1st period - Brandon Dubinsky wins face-off versus Jamie Benn in Stars zone.
2:27 of 1st period - Off-side.
2:28 of 1st period - Henrik Sedin wins face-off versus Brandon Dubinsky in neutral zone.
2:32 of 1st period - Erik Cole is hit by Nicklas Grossmann and loses puck.
2:43 of 1st period - Nicklas Grossmann is hit by Erik Cole and loses puck.
2:50 of 1st period - Shot by Henrik Sedin.
2:50 of 1st period - Shot Blocked by Jay Bouwmeester.
2:52 of 1st period - Shot by Erik Cole.
2:52 of 1st period - Stopped by Mathieu Garon without a rebound.
2:53 of 1st period - Ville Leino wins face-off versus Jamie Benn in Stars zone.
2:53 of 1st period - Ville Leino is hit by David Booth.
3:41 of 1st period - Shot by Dave Bolland.
3:41 of 1st period - Deflect By Lee Stempniak.
3:41 of 1st period - Goal by Lee Stempniak - Stars : 0 - Jets : 1.
3:42 of 1st period - Ryan Carter wins face-off versus Jamie Benn in neutral zone.
3:55 of 1st period - Shot by Cal Clutterbuck.
3:55 of 1st period - Shot Misses the Net.
5:06 of 1st period - James Wisniewski is hit by Brandon Dubinsky and loses puck.
5:30 of 1st period - Erik Cole is hit by Nicklas Grossmann and loses puck.
5:34 of 1st period - Henrik Sedin is hit by Nicklas Grossmann and loses puck.
5:40 of 1st period - Brandon Dubinsky is hit by Mark Giordano and loses puck.
6:03 of 1st period - Shot by Matt Cooke.
6:03 of 1st period - Shot Misses the Net.
6:13 of 1st period - Shot by Mike Komisarek.
6:13 of 1st period - Stopped by Ilya Bryzgalov without a rebound.
6:14 of 1st period - Ryan Carter wins face-off versus Matt Cullen in Jets zone.
6:19 of 1st period - Shot by Cal Clutterbuck.
6:19 of 1st period - Shot Blocked by Carlo Colaiacovo.
6:21 of 1st period - Shot by Ryan Carter.
6:21 of 1st period - Shot Misses the Net.
6:32 of 1st period - Icing by Mark Fistric.
6:33 of 1st period - Matt Cullen wins face-off versus Derick Brassard in Jets zone.
6:52 of 1st period - Shot by Cam Atkinson.
6:52 of 1st period - Stopped by Ilya Bryzgalov without a rebound.
6:53 of 1st period - Ryan Carter wins face-off versus Jamie Benn in Jets zone.
6:53 of 1st period - Ryan Carter is hit by Brooks Orpik.
6:59 of 1st period - Shot by Matt Martin.
6:59 of 1st period - Shot Blocked by Jason Garrison.
7:01 of 1st period - Shot by Ryan Carter.
7:01 of 1st period - Shot Misses the Net.
7:03 of 1st period - Shot by Matt Martin.
7:03 of 1st period - Stopped by Ilya Bryzgalov without a rebound.
7:04 of 1st period - Henrik Sedin wins face-off versus Derick Brassard in Jets zone.
7:16 of 1st period - Shot by Matt Moulson.
7:16 of 1st period - Stopped by Mathieu Garon without a rebound.
7:17 of 1st period - Brandon Dubinsky wins face-off versus David Booth in Stars zone.
7:17 of 1st period - Brandon Dubinsky is hit by David Booth.
8:25 of 1st period - Matt Cooke is hit by John-Michael Liles and loses puck.
8:32 of 1st period - Shot by Matt Cooke.
8:32 of 1st period - Stopped by Mathieu Garon without a rebound.
8:33 of 1st period - Henrik Sedin wins face-off versus Ryan Carter in Stars zone.
8:50 of 1st period - Shot by Henrik Sedin.
8:50 of 1st period - Stopped by Mathieu Garon without a rebound.
8:51 of 1st period - Dave Bolland wins face-off versus Derick Brassard in Stars zone.
8:51 of 1st period - James Wisniewski is hit by John-Michael Liles and loses puck.
9:14 of 1st period - Shot by Alex Goligoski.
9:14 of 1st period - Shot Misses the Net.
9:20 of 1st period - Shot by David Jones.
9:20 of 1st period - Shot Blocked by James Wisniewski.
9:39 of 1st period - James Wisniewski is hit by Alex Goligoski and loses puck.
10:27 of 1st period - Shot by Ryan Carter.
10:27 of 1st period - Shot Blocked by Brooks Orpik.
11:06 of 1st period - Shot by Jay Bouwmeester.
11:06 of 1st period - Shot Misses the Net.
11:15 of 1st period - Icing by Martin Erat.
11:16 of 1st period - Derick Brassard wins face-off versus Jamie Benn in Jets zone.
11:25 of 1st period - Shot by Derick Brassard.
11:25 of 1st period - Stopped by Ilya Bryzgalov without a rebound.
11:26 of 1st period - Matt Cullen wins face-off versus Ryan Carter in Jets zone.
12:15 of 1st period - Off-side.
12:16 of 1st period - Jamie Benn wins face-off versus Derick Brassard in neutral zone.
12:47 of 1st period - Shot by Peter Mueller.
12:47 of 1st period - Shot Blocked by Jason Garrison.
13:12 of 1st period - Icing by Jamie Benn.
13:13 of 1st period - Brandon Dubinsky wins face-off versus Jamie Benn in Jets zone.
14:11 of 1st period - Mark Giordano is hit by Brandon Dubinsky and loses puck.
14:46 of 1st period - Shot by Lee Stempniak.
14:46 of 1st period - Deflect By Matt Cooke.
14:46 of 1st period - Shot Misses the Net.
15:52 of 1st period - Carlo Colaiacovo is hit by Derick Brassard and loses puck.
15:59 of 1st period - Shot by David Jones.
15:59 of 1st period - Stopped by Ilya Bryzgalov with a rebound.
16:13 of 1st period - David Jones is hit by Jamie Benn and loses puck.
16:17 of 1st period - Icing by John-Michael Liles.
16:18 of 1st period - Henrik Sedin wins face-off versus Derick Brassard in Stars zone.
17:15 of 1st period - Shot by Cal Clutterbuck.
17:15 of 1st period - Stopped by Ilya Bryzgalov with a rebound.
17:26 of 1st period - Shot by Matt Cooke.
17:26 of 1st period - Goal by Matt Cooke - Stars : 0 - Jets : 2.
17:27 of 1st period - David Jones wins face-off versus Matt Cooke in neutral zone.
17:46 of 1st period - Shot by Cam Atkinson.
17:46 of 1st period - Shot Blocked by Kevin Klein.
17:53 of 1st period - Minor Penalty to Kevin Klein for Roughing.
17:54 of 1st period - Dave Bolland wins face-off versus Derick Brassard in Jets zone.
19:27 of 1st period - Shot by John-Michael Liles.
19:27 of 1st period - Stopped by Ilya Bryzgalov without a rebound.
19:28 of 1st period - Brandon Dubinsky wins face-off versus Dave Bolland in Jets zone.
19:33 of 1st period - Shot by Alex Goligoski.
19:33 of 1st period - Shot Misses the Net.
19:49 of 1st period - Shot by John-Michael Liles.
19:49 of 1st period - Shot Misses the Net.
19:51 of 1st period - Shot by Cal Clutterbuck.
19:51 of 1st period - Stopped by Ilya Bryzgalov with a rebound.

2nd period


0:01 of 2nd period - Derick Brassard wins face-off versus Henrik Sedin in neutral zone.
0:13 of 2nd period - Icing by Jason Garrison.
0:14 of 2nd period - Henrik Sedin wins face-off versus Brandon Dubinsky in Jets zone.
1:16 of 2nd period - Shot by Jamie Benn.
1:16 of 2nd period - Stopped by Mathieu Garon with a rebound.
3:09 of 2nd period - Shot by Erik Cole.
3:09 of 2nd period - Stopped by Mathieu Garon without a rebound.
3:10 of 2nd period - Jamie Benn wins face-off versus Ryan Carter in Stars zone.
3:16 of 2nd period - David Booth is hit by Mike Komisarek and loses puck.
4:39 of 2nd period - Matt Moulson is hit by Derick Brassard and loses puck.
4:57 of 2nd period - Icing by Jason Garrison.
4:58 of 2nd period - Erik Cole wins face-off versus Brandon Dubinsky in Jets zone.
5:58 of 2nd period - Shot by Cal Clutterbuck.
5:58 of 2nd period - Stopped by Ilya Bryzgalov with a rebound.
6:11 of 2nd period - Icing by Ron Hainsey.
6:12 of 2nd period - Derick Brassard wins face-off versus Dave Bolland in Jets zone.
6:54 of 2nd period - Icing by Mike Komisarek.
6:55 of 2nd period - Derick Brassard wins face-off versus Jamie Benn in Stars zone.
6:55 of 2nd period - Derick Brassard is hit by Jamie Benn.
7:20 of 2nd period - Brandon Dubinsky is hit by David Booth and loses puck.
7:25 of 2nd period - Shot by Jamie Benn.
7:25 of 2nd period - Stopped by Mathieu Garon without a rebound.
7:26 of 2nd period - Henrik Sedin wins face-off versus Ryan Carter in Stars zone.
7:27 of 2nd period - Shot by Matt Moulson.
7:27 of 2nd period - Stopped by Mathieu Garon with a rebound.
8:34 of 2nd period - Icing by James Wisniewski.
8:35 of 2nd period - Derick Brassard wins face-off versus Jamie Benn in Jets zone.
8:35 of 2nd period - Derick Brassard is hit by Mark Giordano.
8:53 of 2nd period - Shot by Alex Goligoski.
8:53 of 2nd period - Shot Blocked by James Wisniewski.
9:30 of 2nd period - Icing by Kevin Klein.
9:31 of 2nd period - Dave Bolland wins face-off versus Brandon Dubinsky in Jets zone.
9:31 of 2nd period - Dave Bolland is hit by Brandon Dubinsky.
10:10 of 2nd period - Ron Hainsey is hit by Keith Ballard and loses puck.
10:32 of 2nd period - Icing by Brooks Orpik.
10:33 of 2nd period - Ryan Carter wins face-off versus Henrik Sedin in Jets zone.
11:04 of 2nd period - Shot by Henrik Sedin.
11:04 of 2nd period - Stopped by Mathieu Garon without a rebound.
11:05 of 2nd period - Derick Brassard wins face-off versus Jamie Benn in Stars zone.
11:28 of 2nd period - David Booth is hit by John-Michael Liles.
11:35 of 2nd period - Icing by Alex Goligoski.
11:36 of 2nd period - Matt Cullen wins face-off versus Derick Brassard in Stars zone.
11:36 of 2nd period - Kevin Klein is hit by John-Michael Liles and loses puck.
12:22 of 2nd period - Rene Bourque is hit by Kevin Klein and loses puck.
12:41 of 2nd period - Shot by Ville Leino.
12:41 of 2nd period - Shot Misses the Net.
12:43 of 2nd period - Shot by Ville Leino.
12:43 of 2nd period - Shot Misses the Net.
12:45 of 2nd period - Shot by Nicklas Grossmann.
12:45 of 2nd period - Shot Blocked by Kevin Klein.
13:13 of 2nd period - Shot by Matt Martin.
13:13 of 2nd period - Deflect By Cal Clutterbuck.
13:13 of 2nd period - Stopped by Ilya Bryzgalov without a rebound.
13:14 of 2nd period - Matt Moulson wins face-off versus Derick Brassard in Jets zone.
13:33 of 2nd period - Shot by Cam Atkinson.
13:33 of 2nd period - Shot Misses the Net.
13:35 of 2nd period - Shot by Jakub Kindl.
13:35 of 2nd period - Shot Misses the Net.
13:41 of 2nd period - Shot by Derick Brassard.
13:41 of 2nd period - Stopped by Ilya Bryzgalov without a rebound.
13:42 of 2nd period - Jamie Benn wins face-off versus Ryan Carter in Jets zone.
15:02 of 2nd period - Icing by Peter Mueller.
15:03 of 2nd period - Derick Brassard wins face-off versus Dave Bolland in Stars zone.
15:12 of 2nd period - Shot by Peter Mueller.
15:12 of 2nd period - Shot Misses the Net.
15:16 of 2nd period - Shot by David Jones.
15:16 of 2nd period - Stopped by Ilya Bryzgalov with a rebound.
15:31 of 2nd period - Off-side.
15:32 of 2nd period - Henrik Sedin wins face-off versus Brandon Dubinsky in neutral zone.
15:42 of 2nd period - Minor Penalty to Mike Komisarek for Slashing.
15:43 of 2nd period - Henrik Sedin wins face-off versus Brandon Dubinsky in Stars zone.
15:48 of 2nd period - Shot by Matt Moulson.
15:48 of 2nd period - Stopped by Mathieu Garon without a rebound.
15:49 of 2nd period - Henrik Sedin wins face-off versus Brandon Dubinsky in Stars zone.
17:14 of 2nd period - Shot by Jamie Benn.
17:14 of 2nd period - Deflect By David Booth.
17:14 of 2nd period - Stopped by Mathieu Garon without a rebound.
17:15 of 2nd period - Martin Erat wins face-off versus Ville Leino in Stars zone.
17:46 of 2nd period - Minor Penalty to Mike Komisarek for Goalie Interference.
17:47 of 2nd period - Henrik Sedin wins face-off versus Brandon Dubinsky in Stars zone.
18:01 of 2nd period - Shot by James Wisniewski.
18:01 of 2nd period - Goal by James Wisniewski - Stars : 0 - Jets : 3.
18:02 of 2nd period - Dave Bolland wins face-off versus Derick Brassard in neutral zone.
19:11 of 2nd period - Minor Penalty to Mark Giordano for Hooking.
19:12 of 2nd period - Dave Bolland wins face-off versus Brandon Dubinsky in Jets zone.
19:12 of 2nd period - Jason Garrison is hit by Brandon Dubinsky.
19:19 of 2nd period - Icing by John-Michael Liles.
19:20 of 2nd period - Brandon Dubinsky wins face-off versus Dave Bolland in Stars zone.
19:36 of 2nd period - Icing by Brandon Dubinsky.
19:37 of 2nd period - Dave Bolland wins face-off versus Brandon Dubinsky in Stars zone.
19:37 of 2nd period - Dave Bolland is hit by John-Michael Liles.
19:51 of 2nd period - Shot by John-Michael Liles.
19:51 of 2nd period - Shot Misses the Net.

3rd period


0:01 of 3rd period - Dave Bolland wins face-off versus Derick Brassard in neutral zone.
1:08 of 3rd period - Matt Cullen is hit by Jay Bouwmeester.
1:30 of 3rd period - Shot by Martin Erat.
1:30 of 3rd period - Stopped by Mathieu Garon without a rebound.
1:31 of 3rd period - Brandon Dubinsky wins face-off versus Henrik Sedin in Stars zone.
1:48 of 3rd period - Shot by Erik Cole.
1:48 of 3rd period - Stopped by Mathieu Garon without a rebound.
1:49 of 3rd period - Ryan Carter wins face-off versus Jamie Benn in Stars zone.
1:49 of 3rd period - Ryan Carter is hit by Jamie Benn.
2:09 of 3rd period - Shot by Jamie Benn.
2:09 of 3rd period - Shot Blocked by Alex Goligoski.
2:24 of 3rd period - Minor Penalty to John-Michael Liles for Roughing.
2:25 of 3rd period - Brandon Dubinsky wins face-off versus Henrik Sedin in Stars zone.
4:32 of 3rd period - Icing by David Jones.
4:33 of 3rd period - Derick Brassard wins face-off versus Dave Bolland in Stars zone.
4:35 of 3rd period - Icing by Keith Ballard.
4:36 of 3rd period - Derick Brassard wins face-off versus Dave Bolland in Stars zone.
4:57 of 3rd period - Shot by Matt Cooke.
4:57 of 3rd period - Stopped by Mathieu Garon without a rebound.
4:58 of 3rd period - Jamie Benn wins face-off versus Brandon Dubinsky in Stars zone.
5:05 of 3rd period - Shot by Jamie Benn.
5:05 of 3rd period - Shot Blocked by John-Michael Liles.
5:07 of 3rd period - Shot by Jamie Benn.
5:07 of 3rd period - Deflect By David Booth.
5:07 of 3rd period - Stopped by Mathieu Garon with a rebound.
5:09 of 3rd period - Shot by David Booth.
5:09 of 3rd period - Shot Misses the Net.
5:26 of 3rd period - Minor Penalty to Brooks Orpik for Tripping.
5:27 of 3rd period - Dave Bolland wins face-off versus Derick Brassard in Jets zone.
5:27 of 3rd period - Dave Bolland is hit by David Jones.
5:47 of 3rd period - Shot by Jay Bouwmeester.
5:47 of 3rd period - Shot Blocked by Ron Hainsey.
6:27 of 3rd period - Off-side.
6:28 of 3rd period - Brandon Dubinsky wins face-off versus Henrik Sedin in neutral zone.
7:25 of 3rd period - Shot by Derick Brassard.
7:25 of 3rd period - Shot Misses the Net.
7:27 of 3rd period - Shot by Matt Martin.
7:27 of 3rd period - Stopped by Ilya Bryzgalov without a rebound.
7:28 of 3rd period - Cal Clutterbuck wins face-off versus Martin Erat in Jets zone.
7:40 of 3rd period - Icing by Jamie Benn.
7:41 of 3rd period - Derick Brassard wins face-off versus Jamie Benn in Jets zone.
7:54 of 3rd period - Shot by Martin Erat.
7:54 of 3rd period - Deflect By Jamie Benn.
7:54 of 3rd period - Shot Misses the Net.
8:21 of 3rd period - Raphael Diaz is hit by David Booth and loses puck.
8:34 of 3rd period - Shot by Erik Cole.
8:34 of 3rd period - Shot Blocked by Derick Brassard.
8:36 of 3rd period - Shot by Mark Giordano.
8:36 of 3rd period - Stopped by Mathieu Garon with a rebound.
8:38 of 3rd period - Shot by James Wisniewski.
8:38 of 3rd period - Shot Blocked by Raphael Diaz.
9:23 of 3rd period - Nicklas Grossmann is hit by Brooks Orpik and loses puck.
9:33 of 3rd period - Minor Penalty to Matt Cooke for Elbowing.
9:34 of 3rd period - Dave Bolland wins face-off versus Brandon Dubinsky in Jets zone.
9:45 of 3rd period - Shot by Rene Bourque.
9:45 of 3rd period - Stopped by Ilya Bryzgalov with a rebound.
10:09 of 3rd period - Shot by Alex Goligoski.
10:09 of 3rd period - Stopped by Ilya Bryzgalov without a rebound.
10:10 of 3rd period - Dave Bolland wins face-off versus Derick Brassard in Jets zone.
10:21 of 3rd period - Dave Bolland is hit by Derick Brassard.
10:29 of 3rd period - Shot by Alex Goligoski.
10:29 of 3rd period - Shot Misses the Net.
10:31 of 3rd period - Shot by John-Michael Liles.
10:31 of 3rd period - Shot Misses the Net.
10:33 of 3rd period - Shot by Alex Goligoski.
10:33 of 3rd period - Shot Blocked by Mark Giordano.
11:28 of 3rd period - Minor Penalty to Henrik Sedin for Tripping.
11:29 of 3rd period - Ryan Carter wins face-off versus Dave Bolland in Jets zone.
12:17 of 3rd period - Icing by Jay Bouwmeester.
12:18 of 3rd period - Martin Erat wins face-off versus Rene Bourque in Stars zone.
12:25 of 3rd period - Shot by Matt Cooke.
12:25 of 3rd period - Shot Misses the Net.
12:39 of 3rd period - Shot by Matt Cooke.
12:39 of 3rd period - Stopped by Mathieu Garon with a rebound.
12:41 of 3rd period - Shot by Mark Giordano.
12:41 of 3rd period - Goal by Mark Giordano - Stars : 0 - Jets : 4.
12:42 of 3rd period - Dave Bolland wins face-off versus Derick Brassard in neutral zone.
15:03 of 3rd period - Shot by Jamie Benn.
15:03 of 3rd period - Shot Blocked by Rene Bourque.
15:05 of 3rd period - Shot by Martin Erat.
15:05 of 3rd period - Deflect By David Booth.
15:05 of 3rd period - Shot Misses the Net.
15:07 of 3rd period - Shot by James Wisniewski.
15:07 of 3rd period - Stopped by Mathieu Garon with a rebound.
15:18 of 3rd period - Martin Erat is hit by John-Michael Liles and loses puck.
15:23 of 3rd period - Shot by Martin Erat.
15:23 of 3rd period - Stopped by Mathieu Garon with a rebound.
16:46 of 3rd period - Shot by Cal Clutterbuck.
16:46 of 3rd period - Shot Misses the Net.
17:04 of 3rd period - Shot by Matt Martin.
17:04 of 3rd period - Shot Misses the Net.
17:42 of 3rd period - Shot by Erik Cole.
17:42 of 3rd period - Shot Misses the Net.
18:50 of 3rd period - Shot by Jamie Benn.
18:50 of 3rd period - Shot Misses the Net.
19:02 of 3rd period - Shot by Brandon Dubinsky.
19:02 of 3rd period - Stopped by Ilya Bryzgalov without a rebound.
19:03 of 3rd period - Henrik Sedin wins face-off versus Derick Brassard in Jets zone.


Output by the SimonT Hockey Simulator (STHS) for Stephane Roy -- Original Page W3C XHTML 1.0 Valid
Hockey Simulator - Hockey Simulation - Hockey Manager